Map: Ley Lines

Players

Imperius - Winner!

  • Race: Terran Terran
  • Spawn Location: 1:00

VOD

Have the link to the VOD?

Description

Time

  • Played on: April 28, 2025, 6:38 p.m.
  • Length: 13:14
Show
View Real Time Build Order
Export as new Build Order

Imperius Terran - Winner!

Build Orders:  

Get SALT Encoding   

  12  0:05  SCV  
  13  0:22  SCV  
  14  0:32  Supply Depot  
  14  0:39  SCV  
  15  0:49  Refinery  
  15  1:21  Barracks  
  15  1:25  SCV  
  16  1:42  SCV  
  17  1:59  SCV  
  18  2:04  Barracks  
  18  2:24  SCV  
  18  2:28  Supply Depot  
  19  2:41  SCV  
  19  2:42  Refinery  
  19  2:43  Barracks Tech Lab  
  21  3:03  Orbital Command  
  20  3:17  Factory  
  20  3:35  Marine x2  
  22  4:00  Marine  
  24  4:16  Barracks Reactor  
  23  4:25  Marine  
  23  4:28  Starport  
  24  4:47  Factory Tech Lab  
  24  4:50  Marine  
  25  5:00  SCV  
  26  5:12  Marine x2  
  26  5:15  Marine  
  26  5:17  SCV  
  26  5:18  Command Center  
  30  5:34  SCV  
  31  5:55  Supply Depot  
  31  6:18  Supply Depot  
  31  6:25  SCV, Marine x3, Medivac  
  31  6:28  Supply Depot  
  37  6:50  Supply Depot, Marine x2  
  37  6:57  SCV  
  40  7:04  SCV  
  40  7:07  Medivac  
  43  7:14  SCV  
  43  7:15  Marine  
  45  7:21  SCV  
  45  7:26  Refinery  
  46  7:31  SCV  
  46  7:36  Stimpack  
  47  7:44  Siege Tank  
  50  7:51  Marine x2  
  50  7:52  Marine  
  53  8:29  Siege Tank  
  56  8:48  Marine x2  
  56  8:49  Marine  
  58  9:01  SCV  
  59  9:13  Marine x2  
  59  9:14  Siege Tank, Marine  
  59  9:18  SCV  
  66  9:24  Supply Depot  
  66  9:34  SCV  
  66  9:38  Marine x2  
  66  9:39  Marine  
  70  10:03  Marine x2  
  70  10:04  Marine  
  70  10:08  SCV  
  74  10:17  Refinery  
  74  10:25  SCV  
  74  10:26  Unknown  
  74  10:28  Marine x3  
  78  10:42  SCV  
  78  10:43  Unknown  
  78  10:45  Unknown  
  77  10:59  SCV  
  78  11:16  SCV  
  78  11:17  Unknown  
  76  11:39  Unknown  
  73  12:01  Unknown  
  73  12:39  Marine x2  
  75  12:40  Marine  
  79  13:02  Unknown  
Tags
 
Matchup
Co-op
Add a new tag
Caveats
  • Supply blocks, unpowered buildings, or Contaminate may cause inaccurate times.
  • Supply counts are checked every 10 seconds.